 Dungeon Crawl Stone Soup version 0.25.1-2-g60ff931 (webtiles) character file.

Game seed: 1344860977104699747

5107 2bobheroes the Covert (level 10, -2/44 HPs)
             Began as a Spriggan Enchanter on Aug 2, 2020.
             Was an Initiate of Gozag.
             Slain by Snorg (6 damage)
             ... on level 9 of the Dungeon.
             The game lasted 00:59:45 (13716 turns).

2bobheroes the Covert (Spriggan Enchanter)         Turns: 13716, Time: 00:59:45

Health: -2/44      AC:  7    Str:  3    XL:     10   Next: 32%
Magic:  14/17      EV: 26    Int: 17    God:    Gozag
Gold:   1613       SH:  0    Dex: 20    Spells: 6/17 levels left

rFire    . . .     SeeInvis +   b - +3 short sword
rCold    . . .     Gourm    .   (shield restricted)
rNeg     + . .     Faith    .   u - +2 robe
rPois    +         Spirit   .   (helmet restricted)
rElec    .         Reflect  .   z - +2 ratskin cloak {+Rats rPois rN+ Str-1 Int-1 Dex+1}
rCorr    .         Harm     .   (gloves unavailable)
MR       +....                  (boots unavailable)
Stlth    +++++.....             (no amulet)
HPRegen  0.14/turn              (no ring)
MPRegen  0.15/turn              (no ring)

@: very quick
A: very small, unfitting armour, see invisible, herbivore, speed 3, slow
metabolism 2
a: Potion Petition, Call Merchant, Bribe Branch, Renounce Religion, Evoke
Ratskin


You were on level 9 of the Dungeon.
You worshipped Gozag.
Gozag was most pleased with you.
You were not hungry.

You visited 1 branch of the dungeon, and saw 10 of its levels.
You also visited: Ossuary.

You collected 1870 gold pieces.
You spent 208 gold pieces at shops.
You paid 49 gold pieces to Gozag.

Inventory:

Hand Weapons
 b - a +3 short sword (weapon)
 r - a cursed +3 long sword
 t - a cursed -3 hunting sling
 E - a +0 vampiric short sword
 G - a +0 short sword of venom
Missiles
 c - 262 stones (quivered)
 g - 121 sling bullets
 m - 20 boomerangs
 H - 3 throwing nets
Armour
 u - a +2 robe (worn)
 z - the +2 ratskin cloak (worn) {+Rats rPois rN+ Str-1 Int-1 Dex+1}
   (You found it on level 6 of the Dungeon)

   It affects your strength (-1).
   It affects your intelligence (-1).
   It affects your dexterity (+1).
   It protects you from poison.
   It protects you from negative energy.
Magical Staves
 y - an uncursed staff of death
Jewellery
 A - a +4 ring of evasion {unknown}
Wands
 a - a wand of paralysis (7)
 C - a wand of random effects (34)
 F - a wand of clouds (5)
Scrolls
 e - 3 scrolls of enchant weapon
 h - 5 scrolls of remove curse
 j - a scroll of immolation
 k - 6 scrolls of amnesia
 s - 4 scrolls of fog
 w - 3 scrolls of teleportation
 x - 5 scrolls of identify
 B - a scroll of random uselessness {unknown}
 D - 2 scrolls of magic mapping {unknown}
Potions
 f - 6 potions of lignification
 i - 5 potions of curing
 l - 3 potions of might
 n - 2 potions of heal wounds {unknown}
 o - 2 potions of haste
 p - 2 potions of brilliance
 q - 3 potions of stabbing
 v - 3 potions of invisibility {unknown}
Comestibles
 d - 11 rations


   Skills:
 * Level 10.7 Short Blades
 + Level 9.5 Dodging
 + Level 11.4 Stealth
 - Level 4.1 Spellcasting
 + Level 8.7 Hexes


You had 6 spell levels left.
You knew the following spells:

 Your Spells              Type           Power        Failure   Level  Hunger
b - Ensorcelled Hibernat  Hex/Ice        ###...       3%          2    ##.....
c - Confusing Touch       Hex            ####....     1%          3    ###....
d - Tukima's Dance        Hex            ####....     1%          3    ###....
e - Dazzling Flash        Conj/Hex       ###...       8%          3    ###....

Your spell library contained the following spells:

 Spells                   Type           Power        Failure   Level  Hunger
 Corona                   Hex            ####...      1%          1    None
 Sting                    Tmut/Pois      #...         16%         1    None
 Poisonous Vapours        Pois/Air       #.....       24%         2    ##.....
 Ignite Poison            Fire/Tmut/Pois #.......     43%         3    ###....
 Mephitic Cloud           Conj/Pois/Air  #.......     43%         3    ###....
 Olgreb's Toxic Radiance  Pois           #.......     83%         4    ####...


Dungeon Overview and Level Annotations

Branches:
Dungeon (10/15)            Temple (0/1) D:5         Ossuary (visited)
   Lair: D:8-11         Orc: D:9-12

Altars:
Gozag
Hepliaklqana
Nemelex Xobeh
Qazlal
Yredelemnul
The Shining One

Shops:
D:6 ?

Annotations:
D:9 Snorg


Innate Abilities, Weirdness & Mutations

You are very small and have problems with some larger weapons.
You are too small for most types of armour.
You have supernaturally acute eyesight. (SInv)
You are a herbivore.
You cover ground extremely quickly.
You need to consume almost no food.


Message History

Snorg is severely wounded.
You hit Snorg.
Snorg is severely wounded.
Snorg completely misses you. x2; Snorg claws you!!
You hit Snorg.
Snorg is almost dead.
Snorg misses you. Snorg barely misses you. Snorg claws you but does no damage.
You hit Snorg.
Snorg is almost dead.
Snorg completely misses you. Snorg claws you. Snorg barely misses you.
You barely miss Snorg.
Snorg is almost dead.
Snorg bites you!
* * * LOW HITPOINT WARNING * * *
Snorg misses you. x2
You hit Snorg.
Snorg is almost dead.
Snorg misses you. Snorg claws you.
You die...
Your body crumbles into a pile of gold.

.# #...# #.###.##.# .# #...#
#........#
.###...#####......##
.#.................#######
.......#####.#.###.....).#####
##.###.# #....# #.....).....#
.......####..#.###<#####.###.#
...[.....##..#..>..# #.# #.#
.....###.##..###@#### #.# #.#
.....#..........T...# #.# #.#
............####.##.# #)# #.#
.........#### #.##.# #.# #.#
....[..).#######.##.# #.# #.#
.###.............##.#
#[###)### .#
##...###########.# #.)..<).#
.# ##### #........# #####.#)#
.# #.######## #.#.#


You could see Snorg (berserk, confused).

Vanquished Creatures
  Pikel (D:5)
  A merfolk (D:9)
  A hippogriff (D:9)
  Eustachio (D:6)
  A hungry ghost (D:9)
  2 water moccasins (D:6)
  2 ice beasts
  An orc warrior (D:8)
  2 slaves (D:4)
  An eye of draining (D:9)
  A sky beast (D:7)
  2 phantoms
  A black bear (D:5)
  6 ogres
  2 centaurs
  3 bullfrogs
  5 water moccasin zombies (Ossuary)
  An elf skeleton (D:7)
  2 scorpions
  2 wights (D:6)
  2 crimson imps (D:5)
  5 orc priests
  6 hounds
  6 jellies
  A centaur skeleton (D:7)
  2 bullfrog skeletons
  3 iguanas
  8 orc wizards
  5 worker ants
  3 hell rats (D:6)
  3 human skeletons (D:7)
  2 big kobold zombies (Ossuary)
  2 mummies (Ossuary)
  9 adders
  4 river rats (D:6)
  4 shadow imps
  3 oozes
  8 adder zombies
  3 worms
  3 dart slugs
  3 leopard geckos
  44 orcs
  3 ball pythons
  3 giant cockroaches
  A gnoll zombie (Ossuary)
  7 goblins
  9 hobgoblins
  15 jackals
  3 kobolds (D:1)
  5 quokkas
  10 bats
  3 frilled lizards
  4 hobgoblin zombies (Ossuary)
  3 kobold zombies (Ossuary)
  An orc skeleton (D:7)
  7 orc zombies
  A quokka skeleton (D:5)
  37 rats
279 creatures vanquished.

Vanquished Creatures (collateral kills)
  An orc warrior (D:9)
  A wight (D:6)
  An orc (D:8)
3 creatures vanquished.

Vanquished Creatures (others)
  2 dancing weapons
  A bullfrog skeleton (D:5)
  A leopard gecko (D:5)
4 creatures vanquished.

Grand Total: 286 creatures vanquished

Notes
Turn   | Place    | Note
-------+----------+-------------------------------------------
     0 | D:1      | 2bobheroes the Spriggan Enchanter began the quest for the
                  | Orb.
     0 | D:1      | Reached XP level 1. HP: 9/9 MP: 5/5
   117 | D:1      | Reached XP level 2. HP: 12/13 MP: 6/6
   138 | D:1      | Learned a level 2 spell: Ensorcelled Hibernation
   442 | D:1      | Reached skill level 5 in Stealth
   613 | D:1      | Reached XP level 3. HP: 15/16 MP: 8/8
  1974 | D:2      | Learned a level 3 spell: Confusing Touch
  2068 | D:2      | Reached XP level 4. HP: 21/21 MP: 9/9
  2097 | D:2      | Found a glowing golden altar of the Shining One.
  2293 | D:2      | Found a basalt altar of Yredelemnul.
  2546 | D:3      | Learned a level 3 spell: Tukima's Dance
  3582 | D:3      | Found an opulent altar of Gozag.
  3590 | D:3      | Reached XP level 5. HP: 12/24 MP: 2/11
  3766 | D:3      | Found a faded altar of an unknown god.
  3789 | D:3      | Found a sparkling altar of Nemelex Xobeh.
  3794 | D:3      | Became a worshipper of Gozag Ym Sagoz the Greedy
  3836 | D:3      | Found a hazy altar of Hepliaklqana.
  4511 | D:4      | Noticed an ogre
  4516 | D:4      | Killed an ogre
  4516 | D:4      | Reached skill level 6 in Stealth
  4523 | D:4      | Learned a level 3 spell: Dazzling Flash
  4545 | D:4      | Noticed an ogre
  4552 | D:4      | Killed an ogre
  4552 | D:4      | Reached XP level 6. HP: 28/28 MP: 4/13
  4699 | D:4      | Found a stormy altar of Qazlal.
  4699 | D:4      | Noticed a water elemental
  4701 | D:4      | Noticed an air elemental
  4701 | D:4      | Noticed a fire elemental
  5416 | D:5      | Entered Level 5 of the Dungeon
  5416 | D:5      | Noticed an ice beast
  5418 | D:5      | Killed an ice beast
  5418 | D:5      | Reached skill level 5 in Short Blades
  5421 | D:5      | Found a staircase to the Ecumenical Temple.
  5445 | D:5      | Reached skill level 7 in Stealth
  5445 | D:5      | Reached XP level 7. HP: 31/32 MP: 1/14
  5611 | D:5      | Noticed Pikel
  5648 | D:5      | Reached skill level 5 in Hexes
  5882 | D:5      | Killed Pikel
  5882 | D:5      | Reached skill level 5 in Dodging
  5882 | D:5      | Reached skill level 8 in Stealth
  5882 | D:5      | Reached XP level 8. HP: 28/36 MP: 10/15
  6699 | D:6      | Noticed Eustachio
  6704 | D:6      | Killed Eustachio
  6812 | D:6      | Found Zuhaeluo's Magic Scroll Boutique.
  6821 | D:6      | Bought a scroll of teleportation for 33 gold pieces
  6821 | D:6      | Bought a scroll of enchant weapon for 82 gold pieces
  6821 | D:6      | Bought a scroll of noise for 11 gold pieces
  6821 | D:6      | Bought a scroll of identify for 22 gold pieces
  6821 | D:6      | Bought a scroll of identify for 22 gold pieces
  6821 | D:6      | Bought a scroll of amnesia for 38 gold pieces
  7030 | D:6      | Reached skill level 9 in Stealth
  7502 | D:6      | Reached XP level 9. HP: 39/39 MP: 16/16
  9337 | D:6      | Found the +2 ratskin cloak {+Rats rPois rN+ Str-1 Int-1
                  | Dex+1}
  9615 | D:7      | Found a sand-covered staircase.
  9629 | D:7      | Reached skill level 10 in Stealth
  9638 | Ossuary  | Entered an ossuary
 11262 | D:8      | Reached skill level 10 in Short Blades
 11969 | D:9      | Reached XP level 10. HP: 44/44 MP: 1/17
 12158 | D:9      | Reached skill level 11 in Stealth
 13705 | D:10     | Entered Level 10 of the Dungeon
 13705 | D:10     | Noticed Snorg
 13716 | D:9      | Slain by Snorg

Illustrated notes

Levels and vault maps discovered:
D:1:      lightli_arrival_boilingwater, layout_loops_ring, minmay_ruptured
D:2:      layout_basic, lemuel_round_altar, lemuel_round_altar, kennysheep_boxes
D:3:      layout_basic, minitemple, chequers_ecumenical_altar_island,
          first_ration, minmay_rat_hole
D:4:      layout_cave_pods, nicolae_qazlal_style_of_elements
D:5:      layout_rooms, minmay_temple_entry_hall,
          minmay_fractal_squares_gapless_5, uniq_pikel
D:6:      wander_guarded_unrand_ratskin, layout_loops_corners, serial_shops,
          nicolae_shop_statue_plus, uniq_eustachio
D:7:      layout_cave_pools, nicolae_ossuary_entry_catacombs
D:8:      layout_loops_cross, serial_glass, glass_columns_b, glass_columns_a
D:9:      layout_loops_ring, special_room [special_room_orc],
          hangedman_fish_farm
D:10:     layout_basic, grunt_ministairs_13, uniq_snorg

Skill      XL: |  1  2  3  4  5  6  7  8  9 10 |
---------------+-------------------------------+-----
Short Blades   | 2 3 4 5 6 8 10 | 10.7
Hexes          | 4 5 6 8 |  8.7
Stealth        | 5 6 7 8 9 10 11 | 11.4
Spellcasting   | 3 4 |  4.1
Dodging        | 4 5 7 8 9 |  9.5

Action                   |  1- 3 |  4- 6 |  7- 9 | 10-12 || total
-------------------------+-------+-------+-------+-------++-------
Melee: Dagger            |   102 |   160 |    18 |       ||   280
       Short sword       |       |       |   428 |   131 ||   559
 Cast: Ensorcelled Hiber |    23 |    41 |   120 |    23 ||   207
       Confusing Touch   |       |     1 |    24 |     2 ||    27
       Tukima's Dance    |       |       |     5 |     4 ||     9
  Use: Scroll            |       |     6 |    10 |       ||    16
 Stab: Sleeping          |    28 |    33 |    82 |    16 ||   159
       Confused          |       |     1 |    26 |     1 ||    28
       Distracted        |       |       |     4 |     2 ||     6
  Eat: Ration            |       |     3 |     7 |     1 ||    11
Armor: Robe              |     4 |    19 |    31 |     6 ||    60
Dodge: Dodged            |    79 |   118 |   206 |    66 ||   469
